[Event "8th RTU Open 2018"]
[Site "Riga"]
[Date "2018.08.09"]
[Round "6"]
[White "Leenhouts, Koen"]
[Black "Thogersen, Rasmus"]
[Result "1/2-1/2"]
[ECO "E81"]
[WhiteElo "2475"]
[BlackElo "2275"]
[Annotator "ChessBase"]
[PlyCount "108"]
[EventDate "2018.08.06"]
[EventType "swiss"]
[EventCountry "LAT"]
[SourceTitle "playchess.com"]
[Source "ChessBase"]
[SourceQuality "1"]
[TimeControl "5400+30"]

1. c4 g6 2. e4 Bg7 3. d4 d6 4. Nc3 Nf6 5. f3 O-O 6. Bg5 c5 7. d5 e6 8. Qd2 exd5 9. cxd5 a6 10. a4 Nbd7 11. Nh3 Qc7 12. Be2 Rb8 13. O-O c4 14. Rac1 b5 15. axb5 axb5 16. b4 cxb3 17. Nxb5 Qd8 18. Rc6 Ne5 19. Rxd6 Qe7 20. Nf2 Bd7 21. Rxd7 Qxd7 22. f4 Neg4 23. e5 Nxf2 24. exf6 Ne4 25. Qd4 Nxf6 26. Bxf6 Bxf6 27. Qxf6 Rxb5 28. Bxb5 Qxb5 29. Qd4 Rc8 30. Rb1 Rc2 31. Ra1 Qb7 32. Re1 Qc8 33. Qa4 Qc5+ 34. Kh1 Qxd5 35. Rg1 h5 36. f5 Rd2 37. fxg6 fxg6 38. Qe8+ Kg7 39. Qe7+ Kh6 40. Qf8+ Kh7 41. Qe7+ Kg8 42. Qe8+ Kg7 43. Qe7+ Qf7 44. Qe5+ Kh7 45. Qa5 Qd7 46. Qb4 b2 47. h3 Qd4 48. Qb7+ Kh6 49. Qb8 Qxg1+ 50. Kxg1 Rd1+ 51. Kh2 b1=Q 52. Qf8+ Kh7 53. Qf7+ Kh6 54. Qf8+ Kh7 1/2-1/2

[Event "8th RTU Open 2018"]
[Site "Riga"]
[Date "2018.08.09"]
[Round "6"]
[White "Pultinevicius, Paulius"]
[Black "Esipenko, Andrey"]
[Result "1/2-1/2"]
[ECO "A18"]
[WhiteElo "2452"]
[BlackElo "2589"]
[Annotator "ChessBase"]
[PlyCount "52"]
[EventDate "2018.08.06"]
[EventType "swiss"]
[EventCountry "LAT"]
[SourceTitle "playchess.com"]
[Source "ChessBase"]
[SourceQuality "1"]
[TimeControl "5400+30"]

1. c4 Nf6 2. Nc3 e6 3. e4 d5 4. e5 d4 5. exf6 dxc3 6. bxc3 Qxf6 7. Nf3 b6 8. d4 Bb7 9. Bd3 h6 10. O-O Nd7 11. Re1 Bd6 12. a4 O-O 13. Be4 Bxe4 14. Rxe4 Qf5 15. Re2 Rfd8 16. a5 c5 17. Be3 cxd4 18. cxd4 Bb4 19. axb6 axb6 20. Rea2 Qe4 21. Rxa8 Rxa8 22. h3 Bd6 23. Nd2 Qc6 24. Rxa8+ Qxa8 25. Qf3 Qc8 26. Bf4 Qc7 1/2-1/2

[Event "8th RTU Open 2018"]
[Site "Riga"]
[Date "2018.08.09"]
[Round "6"]
[White "Haria, Ravi"]
[Black "Dhulipalla, Bala Chandra Prasad"]
[Result "1-0"]
[ECO "A06"]
[WhiteElo "2449"]
[BlackElo "2333"]
[Annotator "NA"]
[PlyCount "117"]
[EventDate "2018.08.06"]
[EventType "swiss"]
[EventCountry "LAT"]
[SourceTitle "playchess.com"]
[Source "ChessBase"]
[SourceQuality "1"]
[TimeControl "5400+30"]

1. Nf3 d5 2. g3 Bg4 3. Bg2 Nd7 4. h3 Bh5 5. O-O c6 6. d4 e6 7. c4 Ngf6 8. cxd5 exd5 9. Qb3 Bxf3 10. Bxf3 Nb6 11. Nc3 Be7 12. a4 Rb8 13. a5 Nc8 14. a6 b5 15. e4 dxe4 16. Nxe4 Nd5 17. Nc3 Ncb6 18. Nxd5 Nxd5 19. Bxd5 Qxd5 20. Qxd5 cxd5 21. Bf4 Rc8 22. Rfe1 Kd7 23. Re5 f6 24. Rxd5+ Kc6 25. Rh5 g5 26. Rc1+ Kd7 27. Rxc8 Rxc8 28. Be3 Rc2 29. Rxh7 Rxb2 30. d5 Rc2 31. Bxa7 Rc8 32. Bd4 Kd6 33. a7 b4 34. Rxe7 Kxe7 35. Bc5+ Kd7 36. Bxb4 f5 37. Bd2 Ra8 38. Bxg5 Rxa7 39. Bf4 Ra5 40. d6 Ke6 41. Kg2 Kf6 42. h4 Kg6 43. Kf3 Kh5 44. Bg5 Rd5 45. Be7 Kg6 46. Kf4 Rd2 47. f3 Rd5 48. g4 fxg4 49. fxg4 Rd1 50. h5+ Kf7 51. Kg5 Rd4 52. Kf5 Rd5+ 53. Ke4 Rd1 54. Ke5 Rh1 55. Bg5 Rd1 56. Bf4 Rh1 57. Kf5 Rh3 58. h6 Rb3 59. g5 1-0

[Event "8th RTU Open 2018"]
[Site "Riga"]
[Date "2018.08.09"]
[Round "6"]
[White "Berzinsh, Roland"]
[Black "Gorodetzky, Matan"]
[Result "1/2-1/2"]
[ECO "A40"]
[WhiteElo "2408"]
[BlackElo "2231"]
[Annotator "NA"]
[PlyCount "98"]
[EventDate "2018.08.06"]
[EventType "swiss"]
[EventCountry "LAT"]
[SourceTitle "playchess.com"]
[Source "ChessBase"]
[SourceQuality "1"]
[TimeControl "5400+30"]

1. d4 e6 2. Nf3 d5 3. Bf4 Nf6 4. e3 c5 5. Nbd2 Nc6 6. c3 cxd4 7. exd4 Nh5 8. Bg5 f6 9. Be3 Bd6 10. Bb5 O-O 11. O-O Qb6 12. c4 Na5 13. b3 g6 14. Rc1 Ba3 15. Rc2 Ng7 16. Nb1 Be7 17. Nc3 a6 18. c5 Qd8 19. Be2 Nc6 20. Na4 Nf5 21. Bc1 g5 22. Nb6 Rb8 23. g4 Nh6 24. Ne1 f5 25. f3 Nb4 26. Rb2 e5 27. Be3 fxg4 28. fxg4 Rxf1+ 29. Kxf1 Be6 30. h3 Qf8+ 31. Kg2 Nc6 32. Nf3 Nf7 33. b4 Qg7 34. dxe5 Nfxe5 35. Nxe5 Nxe5 36. Bd4 Bf6 37. Rd2 Ng6 38. Be3 d4 39. Bf2 Nf4+ 40. Kh2 Be5 41. Bg3 Rd8 42. Nc4 h5 43. Nxe5 Qxe5 44. gxh5 Qe3 45. Bf3 d3 46. Bf2 Qe5 47. Bg3 Qe3 48. Bf2 Qe5 49. Bg3 Qe3 1/2-1/2

[Event "8th RTU Open 2018"]
[Site "Riga"]
[Date "2018.08.09"]
[Round "6"]
[White "Bernotas, Arturs"]
[Black "Mierins, Eriks"]
[Result "1/2-1/2"]
[ECO "C44"]
[WhiteElo "2406"]
[BlackElo "2235"]
[Annotator "NA"]
[PlyCount "126"]
[EventDate "2018.08.06"]
[EventType "swiss"]
[EventCountry "LAT"]
[SourceTitle "playchess.com"]
[Source "ChessBase"]
[SourceQuality "1"]
[TimeControl "5400+30"]

1. e4 e5 2. Nf3 Nc6 3. d4 exd4 4. Nxd4 Nf6 5. Nxc6 bxc6 6. Qe2 Bb4+ 7. c3 Be7 8. e5 Nd5 9. c4 Nb6 10. Qg4 Kf8 11. Be2 d5 12. Qf4 Nxc4 13. Bxc4 dxc4 14. O-O Be6 15. Nc3 Qd3 16. Ne4 h6 17. Bd2 g5 18. Qe3 Kg7 19. Qxd3 cxd3 20. Rfc1 Rab8 21. b3 Bd5 22. Nc5 Rhd8 23. Rc3 Rb5 24. Rac1 Ra5 25. Na4 Ba3 26. Re1 Ra6 27. Rxd3 c5 28. Be3 c6 29. h4 Kg6 30. hxg5 hxg5 31. Nxc5 Bxc5 32. Bxc5 Rxa2 33. Rg3 Rg8 34. f4 Kf5 35. fxg5 Kf4 36. Bf2 Rxg5 37. Rxg5 Kxg5 38. b4 Rb2 39. Ra1 Rxb4 40. Rxa7 Kf5 41. Re7 Rg4 42. Kf1 Bxg2+ 43. Ke2 Bd5 44. Kd3 Ra4 45. Bd4 Ra3+ 46. Bc3 c5 47. Rc7 c4+ 48. Kd4 Be6 49. Rb7 Ra8 50. Rb1 Rd8+ 51. Kc5 Rd5+ 52. Kb4 Rd3 53. Rf1+ Ke4 54. Re1+ Kd5 55. Re2 Rf3 56. Rd2+ Rd3 57. Rxd3+ cxd3 58. Kb3 Ke4+ 59. Kb2 Ke3 60. Kc1 Bb3 61. Ba5 Bc2 62. Bb6+ Ke4 63. Bc7 Ke3 1/2-1/2

[Event "8th RTU Open 2018"]
[Site "Riga"]
[Date "2018.08.09"]
[Round "6"]
[White "Lagunow, Raphael"]
[Black "Hjelmaas, Lars"]
[Result "1-0"]
[ECO "C00"]
[WhiteElo "2404"]
[BlackElo "2271"]
[Annotator "NA"]
[PlyCount "61"]
[EventDate "2018.08.06"]
[EventType "swiss"]
[EventCountry "LAT"]
[SourceTitle "playchess.com"]
[Source "ChessBase"]
[SourceQuality "1"]
[TimeControl "5400+30"]

1. e4 e6 2. b3 c5 3. Bb2 Nc6 4. Nf3 d6 5. d4 cxd4 6. Nxd4 e5 7. Ne2 Nf6 8. Nbc3 Be7 9. g3 h5 10. h3 Nb4 11. a3 Na6 12. Bg2 Nc5 13. Qd2 Be6 14. f4 h4 15. g4 Qb6 16. Rd1 Bxg4 17. hxg4 Nxb3 18. cxb3 Nxg4 19. Nd4 exd4 20. Nd5 Qxb3 21. Rh3 Ne3 22. Nxe3 dxe3 23. Rxe3 Qb5 24. Bh3 Rh6 25. Qe2 Qa5+ 26. Bc3 Qb6 27. Bxg7 Rg6 28. Bd4 Qa5+ 29. Kf2 f6 30. Bf5 Rg8 31. Qh5+ 1-0

[Event "8th RTU Open 2018"]
[Site "Riga"]
[Date "2018.08.09"]
[Round "6"]
[White "Pershin, Denis"]
[Black "Arnold, Max"]
[Result "1-0"]
[ECO "A45"]
[WhiteElo "2403"]
[BlackElo "2260"]
[Annotator "NA"]
[PlyCount "116"]
[EventDate "2018.08.06"]
[EventType "swiss"]
[EventCountry "LAT"]
[SourceTitle "playchess.com"]
[Source "ChessBase"]
[SourceQuality "1"]
[TimeControl "5400+30"]

1. d4 Nf6 2. Nc3 d5 3. Bf4 c5 4. e3 cxd4 5. exd4 a6 6. Nf3 Bg4 7. h3 Bh5 8. g4 Bg6 9. Ne5 Ne4 10. Nxe4 Bxe4 11. f3 Bg6 12. h4 f6 13. Nxg6 hxg6 14. Bd3 Kf7 15. h5 gxh5 16. gxh5 e6 17. Bg6+ Ke7 18. Qe2 Kd7 19. O-O-O Bd6 20. Bxd6 Kxd6 21. Rhe1 Qd7 22. Qh2+ Kc6 23. Re3 Kb6 24. Rde1 Nc6 25. Rxe6 Rad8 26. Qe2 Ka7 27. c3 Qc8 28. Kb1 Ka8 29. Qg2 Qd7 30. Qg4 Ka7 31. Be8 Ne5 32. R1xe5 Qc8 33. Re2 Rdxe8 34. Re7 Qc6 35. Qf5 g6 36. Qxg6 Reg8 37. Qf7 Rf8 38. Qg6 Rfg8 39. Qf5 Rg5 40. Qd7 Qxd7 41. Rxd7 Rgxh5 42. Ree7 Rb8 43. Rf7 Rf5 44. Rd6 Rxf3 45. Rxd5 Rf2 46. a3 Re2 47. Rdd7 Re6 48. Ka2 a5 49. Rd5 a4 50. Ra5+ Ra6 51. Rxa6+ Kxa6 52. Rxf6+ Kb5 53. Rf5+ Kc6 54. Rc5+ Kd6 55. Rb5 Kc6 56. Rb4 b5 57. c4 Rd8 58. cxb5+ Kd5 1-0

[Event "8th RTU Open 2018"]
[Site "Riga"]
[Date "2018.08.09"]
[Round "6"]
[White "Martin, Julian"]
[Black "Pogan, Nikolas"]
[Result "1-0"]
[ECO "B12"]
[WhiteElo "2392"]
[BlackElo "2255"]
[Annotator "NA"]
[PlyCount "109"]
[EventDate "2018.08.06"]
[EventType "swiss"]
[EventCountry "LAT"]
[SourceTitle "playchess.com"]
[Source "ChessBase"]
[SourceQuality "1"]
[TimeControl "5400+30"]

1. e4 c6 2. d4 d5 3. e5 Bf5 4. Nf3 e6 5. Be2 Ne7 6. O-O Nd7 7. Nbd2 Nc8 8. a4 Be7 9. Nb3 O-O 10. a5 a6 11. c4 dxc4 12. Nbd2 Na7 13. Nxc4 Nb5 14. Be3 Nc7 15. Bd3 Bg6 16. Bxg6 hxg6 17. Qd2 Nd5 18. Bg5 f6 19. exf6 gxf6 20. Bh6 Re8 21. Qd3 Kh7 22. Bd2 Rh8 23. g3 Kg7 24. Rae1 Nf8 25. h4 Qd7 26. Rb1 Rd8 27. b4 Qe8 28. Qe4 Rd7 29. Kg2 Bd8 30. Ne1 g5 31. hxg5 Qh5 32. Nd3 Qh3+ 33. Kf3 Ng6 34. Ke2 Qf5 35. Qxf5 exf5 36. gxf6+ Bxf6 37. Nce5 Re8 38. f4 Nc7 39. Be3 Rd5 40. Nxg6 Kxg6 41. Ne5+ Kg7 42. Rbd1 Rb5 43. Rb1 Nd5 44. Bd2 Be7 45. Rh1 Nxb4 46. Rh5 Nc2 47. Rbh1 Rg8 48. Bc3 Kf8 49. Rxf5+ Ke8 50. Rh7 Nb4 51. Bxb4 Bxb4 52. Rff7 Bxa5 53. Rxb7 Rxb7 54. Rxb7 Rxg3 55. Rb8+ 1-0

[Event "8th RTU Open 2018"]
[Site "Riga"]
[Date "2018.08.09"]
[Round "6"]
[White "Krupenski, Juri"]
[Black "Kollars, Dmitrij"]
[Result "1-0"]
[ECO "A40"]
[WhiteElo "2390"]
[BlackElo "2549"]
[Annotator "ChessBase"]
[PlyCount "93"]
[EventDate "2018.08.06"]
[EventType "swiss"]
[EventCountry "LAT"]
[SourceTitle "playchess.com"]
[Source "ChessBase"]
[SourceQuality "1"]
[TimeControl "5400+30"]

1. d4 Nf6 2. c4 e6 3. g3 Bb4+ 4. Bd2 Bxd2+ 5. Nxd2 O-O 6. Bg2 d6 7. e3 e5 8. Ne2 Nc6 9. d5 Nb8 10. O-O a5 11. Nc3 Na6 12. Nb3 b6 13. Nd2 Bd7 14. a3 Qe7 15. Qc2 Rfb8 16. Nb5 Qe8 17. Rfc1 Bxb5 18. cxb5 Qxb5 19. Bf1 Qd7 20. Bxa6 Rxa6 21. Qxc7 Qxc7 22. Rxc7 Nxd5 23. Rc6 Rd8 24. Nc4 Ne7 25. Rxd6 Rxd6 26. Nxd6 Kf8 27. Rd1 f6 28. Nb5 Ra8 29. Rd7 Rb8 30. e4 Nc6 31. Rc7 Nd8 32. Nd6 Ne6 33. Rf7+ Kg8 34. Re7 Nd4 35. Kg2 a4 36. Rd7 b5 37. f4 exf4 38. gxf4 Ne6 39. Kg3 h5 40. Re7 Nc5 41. Kh4 Nd3 42. Nf5 Nxf4 43. Rxg7+ Kf8 44. Rh7 Rb6 45. Ra7 Re6 46. Ra8+ Kf7 47. Rb8 {[%emt 0:00:38] Kg7} 1-0

[Event "8th RTU Open 2018"]
[Site "Riga"]
[Date "2018.08.09"]
[Round "6"]
[White "Gorbatov, Alexej"]
[Black "Saulespurens, Valdis"]
[Result "1-0"]
[ECO "B44"]
[WhiteElo "2389"]
[BlackElo "2254"]
[Annotator "NA"]
[PlyCount "99"]
[EventDate "2018.08.06"]
[EventType "swiss"]
[EventCountry "LAT"]
[SourceTitle "playchess.com"]
[Source "ChessBase"]
[SourceQuality "1"]
[TimeControl "5400+30"]

1. e4 c5 2. Nf3 e6 3. d4 cxd4 4. Nxd4 Nc6 5. Nb5 d6 6. c4 Nf6 7. N1c3 a6 8. Na3 Be7 9. Be2 d5 10. exd5 exd5 11. cxd5 Nb4 12. Bf3 Bf5 13. O-O O-O 14. Be3 Nd3 15. Nc4 Qc7 16. b3 Rac8 17. Bb6 Qb8 18. a4 Rfe8 19. a5 Bb4 20. Na2 Bd6 21. g3 h5 22. Nc1 Ne5 23. Nxd6 Qxd6 24. Bg2 Bg4 25. f3 Bf5 26. Ra2 Ned7 27. Bf2 Rc3 28. Rd2 Qa3 29. Ne2 Rxb3 30. Qa1 Bd3 31. Qd1 Rxe2 32. Rxe2 Bxe2 33. Qxe2 Qxa5 34. Rd1 Ra3 35. Bd4 Nxd5 36. Qe8+ Nf8 37. h4 Nc3 38. Re1 Ra1 39. Kh2 Ra3 40. Re5 Qa4 41. Bc5 Qxe8 42. Rxe8 Ra2 43. Rxf8+ Kh7 44. Rxf7 b5 45. Bd4 Nd5 46. Rxg7+ Kh6 47. Rd7 Nb4 48. Kh3 Nc2 49. f4 Nxd4 50. Be4 1-0

[Event "8th RTU Open 2018"]
[Site "Riga"]
[Date "2018.08.09"]
[Round "6"]
[White "Krivonosov, Oleg"]
[Black "Makoveev, Ilya"]
[Result "1-0"]
[ECO "A05"]
[WhiteElo "2386"]
[BlackElo "2249"]
[Annotator "NA"]
[PlyCount "90"]
[EventDate "2018.08.06"]
[EventType "swiss"]
[EventCountry "LAT"]
[SourceTitle "playchess.com"]
[Source "ChessBase"]
[SourceQuality "1"]
[TimeControl "5400+30"]

1. Nf3 Nf6 2. c4 g6 3. Nc3 d5 4. cxd5 Nxd5 5. e4 Nxc3 6. dxc3 Qxd1+ 7. Kxd1 Nd7 8. Bc4 e5 9. Be3 f6 10. Ke2 Bc5 11. Rhd1 Bxe3 12. Kxe3 Ke7 13. Ne1 Nc5 14. Nd3 Nxd3 15. Rxd3 Bd7 16. Rad1 Rad8 17. h4 Bg4 18. f3 Rxd3+ 19. Rxd3 Be6 20. Bxe6 Kxe6 21. c4 b6 22. b4 a6 23. g3 h5 24. f4 Ra8 25. fxe5 fxe5 26. Ra3 a5 27. Ke2 Ke7 28. c5 Kd7 29. cxb6 cxb6 30. bxa5 bxa5 31. Rb3 Kc6 32. a4 Kc5 33. Ke3 Ra6 34. Rb5+ Kc4 35. Rxe5 Kb4 36. Rb5+ Kxa4 37. Rb8 Rc6 38. e5 Rc3+ 39. Kd4 Rxg3 40. e6 Rg4+ 41. Kd5 Rg1 42. e7 Rd1+ 43. Kc4 Rc1+ 44. Kd3 Rd1+ 45. Ke2 Rd7 1-0

[Event "8th RTU Open 2018"]
[Site "Riga"]
[Date "2018.08.09"]
[Round "6"]
[White "Seyb, Alexander"]
[Black "Cherepov, Alexej"]
[Result "1-0"]
[ECO "B81"]
[WhiteElo "2383"]
[BlackElo "2245"]
[Annotator "NA"]
[PlyCount "105"]
[EventDate "2018.08.06"]
[EventType "swiss"]
[EventCountry "LAT"]
[SourceTitle "playchess.com"]
[Source "ChessBase"]
[SourceQuality "1"]
[TimeControl "5400+30"]

1. e4 c5 2. Nf3 e6 3. d4 cxd4 4. Nxd4 Nf6 5. Nc3 d6 6. g4 h6 7. h4 Be7 8. Bg2 d5 9. exd5 Nxd5 10. Nxd5 exd5 11. Be3 Nc6 12. Qe2 Ne5 13. g5 hxg5 14. Bxg5 Nc6 15. O-O-O O-O 16. Bxe7 Nxe7 17. h5 Qd6 18. h6 g6 19. Rhe1 Nc6 20. Qd2 a6 21. Kb1 Kh7 22. Qc3 f6 23. Nb3 Ne7 24. Qg3 Nf5 25. Qxd6 Nxd6 26. Rxd5 Nf5 27. a4 Kxh6 28. a5 Rb8 29. Rh1+ Kg7 30. Nc5 b6 31. Nd7 Bxd7 32. Rxd7+ Rf7 33. Rh7+ Kxh7 34. Rxf7+ Kh6 35. Rxf6 bxa5 36. Rxa6 Re8 37. c4 Re2 38. c5 Rxf2 39. Be4 Ne7 40. Re6 Rf7 41. c6 Rg7 42. Ka2 Kg5 43. Ka3 Kf4 44. Ka4 g5 45. Kxa5 Nc8 46. b4 Ra7+ 47. Kb5 Ra1 48. Bd5 g4 49. Re4+ Kf5 50. Re2 Kf4 51. Rc2 g3 52. Kc5 Na7 53. c7 1-0

[Event "8th RTU Open 2018"]
[Site "Riga"]
[Date "2018.08.09"]
[Round "6"]
[White "Jackson, James P"]
[Black "Polatel, Ali"]
[Result "1-0"]
[ECO "B38"]
[WhiteElo "2380"]
[BlackElo "2230"]
[Annotator "NA"]
[PlyCount "101"]
[EventDate "2018.08.06"]
[EventType "swiss"]
[EventCountry "LAT"]
[SourceTitle "playchess.com"]
[Source "ChessBase"]
[SourceQuality "1"]
[TimeControl "5400+30"]

1. e4 c5 2. Nf3 g6 3. d4 Bg7 4. c4 cxd4 5. Nxd4 Nc6 6. Be3 Nf6 7. Nc3 d6 8. Be2 O-O 9. O-O Nxd4 10. Bxd4 Nd7 11. Nd5 Nc5 12. Bxg7 Kxg7 13. b4 Nxe4 14. Qd4+ Nf6 15. Nxf6 e5 16. Nh5+ gxh5 17. Qd2 Bg4 18. Rad1 Rc8 19. Bxg4 hxg4 20. Qe2 Qg5 21. Rxd6 Rfd8 22. Rfd1 Rxd6 23. Rxd6 b6 24. Rd1 Rc7 25. Qe4 Rd7 26. Qe1 Rd4 27. Rc1 Re4 28. Qc3 Qf5 29. Kf1 f6 30. c5 b5 31. a3 Qf4 32. g3 Qh6 33. Re1 Rc4 34. Qd3 Qxh2 35. Qd7+ Kh6 36. Qc6 Kg5 37. Qd5 Rc2 38. Rxe5+ Kh6 39. Rf5 Kg6 40. Rf4 Qh3+ 41. Ke1 Qh1+ 42. Qxh1 Rc1+ 43. Ke2 Rxh1 44. Rxg4+ Kf5 45. Rg7 a5 46. Rb7 Ra1 47. Rxb5 Ra2+ 48. Kf1 a4 49. c6+ Ke4 50. c7 Kf3 51. Rf5+ 1-0

[Event "8th RTU Open 2018"]
[Site "Riga"]
[Date "2018.08.09"]
[Round "6"]
[White "Sinz, Bernhard"]
[Black "Pavlov, Sergey"]
[Result "1-0"]
[ECO "B05"]
[WhiteElo "2377"]
[BlackElo "2003"]
[Annotator "NA"]
[PlyCount "63"]
[EventDate "2018.08.06"]
[EventType "swiss"]
[EventCountry "LAT"]
[SourceTitle "playchess.com"]
[Source "ChessBase"]
[SourceQuality "1"]
[TimeControl "5400+30"]

1. e4 Nf6 2. e5 Nd5 3. d4 d6 4. Nf3 Bg4 5. Be2 c6 6. h3 Bxf3 7. Bxf3 dxe5 8. dxe5 e6 9. O-O Nd7 10. Qe2 Qc7 11. Re1 Bc5 12. c4 Ne7 13. Bd2 Bd4 14. Bc3 Bxc3 15. Nxc3 Ng6 16. Bh5 Ndxe5 17. f4 Nd7 18. f5 Nf4 19. Bxf7+ Kxf7 20. fxe6+ Kg8 21. Qf3 Nc5 22. e7 Re8 23. g3 Nfd3 24. Nd5 Nxe1 25. Rxe1 Qd6 26. Rf1 h6 27. Qf7+ Kh7 28. Nf6+ Qxf6 29. Rxf6 Rhg8 30. Qg6+ Kh8 31. Qh5 Kh7 32. Rf8 1-0

[Event "8th RTU Open 2018"]
[Site "Riga"]
[Date "2018.08.09"]
[Round "6"]
[White "Chukavin, Kirill"]
[Black "Gorodetzky, David"]
[Result "1/2-1/2"]
[ECO "C07"]
[WhiteElo "2291"]
[BlackElo "2451"]
[Annotator "ChessBase"]
[PlyCount "115"]
[EventDate "2018.08.06"]
[EventType "swiss"]
[EventCountry "LAT"]
[SourceTitle "playchess.com"]
[Source "ChessBase"]
[SourceQuality "1"]
[TimeControl "5400+30"]

1. e4 e6 2. d4 d5 3. Nd2 c5 4. exd5 Qxd5 5. Ngf3 cxd4 6. Bc4 Qd7 7. O-O Nc6 8. Nb3 a6 9. Nbxd4 Nxd4 10. Nxd4 Nf6 11. Re1 Bc5 12. Nb3 Bd6 13. h3 Qc7 14. Bd3 Bd7 15. c4 Rd8 16. Qe2 Bh2+ 17. Kh1 Bf4 18. Bxf4 Qxf4 19. Qe3 Qxe3 20. Rxe3 Ke7 21. Be2 Rc8 22. Nd4 Rhd8 23. Rd1 g6 24. f4 Be8 25. f5 Rd6 26. fxe6 fxe6 27. Red3 Ne4 28. Kg1 Rxc4 29. Bf3 Ng5 30. Nf5+ gxf5 31. Rxd6 Nxf3+ 32. gxf3 Bc6 33. R6d4 Rc2 34. R1d2 Rxd2 35. Rxd2 Bxf3 36. Kf2 Bc6 37. Rd4 Kf6 38. Rd8 e5 39. h4 f4 40. Rf8+ Kg6 41. b4 h6 42. a3 Bd7 43. Rb8 Bc6 44. Rf8 Bd7 45. Rb8 e4 46. Rxb7 e3+ 47. Ke1 Bb5 48. a4 Bxa4 49. Rb6+ Kf5 50. Rxa6 Bb3 51. Rxh6 f3 52. Rh8 Kg4 53. Rf8 Bd5 54. h5 Kg5 55. b5 f2+ 56. Ke2 Bc4+ 57. Kxe3 f1=Q 58. Rxf1 1/2-1/2

[Event "8th RTU Open 2018"]
[Site "Riga"]
[Date "2018.08.09"]
[Round "6"]
[White "Modler, Andreas"]
[Black "Zakhartsov, Viacheslav V"]
[Result "0-1"]
[ECO "A10"]
[WhiteElo "2278"]
[BlackElo "2544"]
[Annotator "ChessBase"]
[PlyCount "102"]
[EventDate "2018.08.06"]
[EventType "swiss"]
[EventCountry "LAT"]
[SourceTitle "playchess.com"]
[Source "ChessBase"]
[SourceQuality "1"]
[TimeControl "5400+30"]

1. c4 g6 2. Nc3 Bg7 3. g3 Nf6 4. Bg2 O-O 5. e4 d6 6. Nge2 c5 7. O-O Nc6 8. d3 Bd7 9. h3 Ne8 10. Be3 Nd4 11. Rb1 a5 12. f4 e6 13. g4 Rb8 14. a4 Nc7 15. Nb5 Ncxb5 16. axb5 Nxe2+ 17. Qxe2 f5 18. exf5 exf5 19. Bd5+ Kh8 20. g5 Re8 21. Kh1 Be6 22. Bg2 Qd7 23. Qf2 d5 24. b3 b6 25. Rbd1 Rbd8 26. Bf3 Qf7 27. Bc1 Rd6 28. Rfe1 Red8 29. Bb2 Bxb2 30. Qxb2+ Qg7 31. Qxg7+ Kxg7 32. Kg2 Kf7 33. Kf2 dxc4 34. dxc4 a4 35. Rxd6 Rxd6 36. bxa4 Bxc4 37. Ra1 Rd2+ 38. Ke3 Rd3+ 39. Kf2 Rb3 40. h4 Ke6 41. h5 gxh5 42. Bxh5 Bd5 43. Be2 Rb4 44. a5 bxa5 45. Rxa5 Rxf4+ 46. Kg3 Rb4 47. Ra7 f4+ 48. Kf2 Rb2 49. Kf1 f3 50. Bd3 Rd2 51. Rxh7 Rxd3 0-1

[Event "8th RTU Open 2018"]
[Site "Riga"]
[Date "2018.08.09"]
[Round "6"]
[White "Jacobs, Florian"]
[Black "Seeman, Tarvo"]
[Result "1-0"]
[ECO "E97"]
[WhiteElo "2255"]
[BlackElo "2405"]
[Annotator "NA"]
[PlyCount "85"]
[EventDate "2018.08.06"]
[EventType "swiss"]
[EventCountry "LAT"]
[SourceTitle "playchess.com"]
[Source "ChessBase"]
[SourceQuality "1"]
[TimeControl "5400+30"]

1. d4 Nf6 2. c4 g6 3. Nc3 Bg7 4. e4 d6 5. Nf3 O-O 6. Be2 e5 7. O-O Nc6 8. d5 Ne7 9. Bg5 Nd7 10. Nd2 f6 11. Be3 f5 12. f3 f4 13. Bf2 g5 14. b4 Nf6 15. c5 h5 16. h3 Bd7 17. Nc4 Nc8 18. a4 Rf7 19. c6 bxc6 20. dxc6 Be6 21. Nxe5 Rf8 22. Bc4 Bxc4 23. Nxc4 Ne7 24. Qb3 Kh8 25. Rad1 Nxc6 26. e5 Ne8 27. exd6 cxd6 28. b5 Ne7 29. Nd5 Nf5 30. Rfe1 Nf6 31. Qd3 Nd7 32. Ne7 Nxe7 33. Qxd6 Nf5 34. Qxd7 Qf6 35. Qe6 Qc3 36. Ne5 Rf6 37. Nf7+ Kh7 38. Qd5 Qc8 39. Nxg5+ Kg6 40. Ne4 Re6 41. Nc5 Rd6 42. Re6+ Rxe6 43. Nxe6 1-0

[Event "8th RTU Open 2018"]
[Site "Riga"]
[Date "2018.08.09"]
[Round "6"]
[White "Bluebaum, Karl Ernst"]
[Black "Merry, Alan B"]
[Result "1/2-1/2"]
[ECO "E91"]
[WhiteElo "2253"]
[BlackElo "2445"]
[Annotator "NA"]
[PlyCount "114"]
[EventDate "2018.08.06"]
[EventType "swiss"]
[EventCountry "LAT"]
[SourceTitle "playchess.com"]
[Source "ChessBase"]
[SourceQuality "1"]
[TimeControl "5400+30"]

1. d4 Nf6 2. c4 g6 3. Nc3 Bg7 4. e4 d6 5. Nf3 O-O 6. Be2 Nbd7 7. O-O e5 8. Be3 Re8 9. d5 Nh5 10. g3 Bf8 11. Ne1 Ng7 12. Nd3 f5 13. f3 c5 14. Qd2 Be7 15. Rae1 Nf6 16. Bd1 a6 17. a4 Bd7 18. Bh6 fxe4 19. fxe4 Ng4 20. Bxg4 Bxg4 21. Nf2 Bd7 22. b3 Qa5 23. Qd3 Rf8 24. Kg2 Rf7 25. Nfd1 Raf8 26. Rxf7 Rxf7 27. Rf1 Rxf1 28. Kxf1 Ne8 29. Bd2 Nf6 30. Nf2 Ng4 31. Ncd1 Qd8 32. Nxg4 Bxg4 33. Nf2 Bd7 34. a5 b5 35. axb6 Qxb6 36. Qf3 Kg7 37. h4 Qd8 38. Kg2 a5 39. Qc3 a4 40. bxa4 Bxa4 41. Qa3 Qa8 42. Bg5 Bf8 43. Ng4 h5 44. Bh6+ Kg8 45. Bxf8 Kxf8 46. Qf3+ Kg8 47. Qf6 Be8 48. Qe6+ Bf7 49. Nh6+ Kg7 50. Nxf7 Qa2+ 51. Kg1 Qb1+ 52. Kf2 Qc2+ 53. Kg1 Qd1+ 54. Kf2 Qd4+ 55. Kf3 Qd3+ 56. Kf2 Qc2+ 57. Ke3 Qc3+ 1/2-1/2

[Event "8th RTU Open 2018"]
[Site "Riga"]
[Date "2018.08.09"]
[Round "6"]
[White "Juknis, Paulius"]
[Black "Korchmar, Vasiliy"]
[Result "0-1"]
[ECO "D02"]
[WhiteElo "2231"]
[BlackElo "2415"]
[Annotator "NA"]
[PlyCount "128"]
[EventDate "2018.08.06"]
[EventType "swiss"]
[EventCountry "LAT"]
[SourceTitle "playchess.com"]
[Source "ChessBase"]
[SourceQuality "1"]
[TimeControl "5400+30"]

1. d4 Nf6 2. Nf3 d5 3. Bf4 c5 4. e3 Nc6 5. Nbd2 cxd4 6. exd4 Qb6 7. Nb3 Bg4 8. Be2 e6 9. h3 Bh5 10. O-O Be7 11. a4 a6 12. a5 Qd8 13. Ne5 Bxe2 14. Qxe2 Rc8 15. Nxc6 Rxc6 16. Be5 O-O 17. Bxf6 Bxf6 18. c3 Be7 19. Nc1 Bd6 20. Nd3 Re8 21. Qd2 Qh4 22. f4 Rc7 23. Qf2 Qh6 24. Rae1 g6 25. Ne5 Qg7 26. Re3 Rcc8 27. Kh1 Bc7 28. b4 Bd6 29. Qe1 Rc7 30. Nd3 Rce7 31. Qf2 Qf6 32. Ne5 Rc7 33. Qe1 Rec8 34. Ng4 Qg7 35. Rxe6 fxe6 36. Qxe6+ Kh8 37. Qxd6 Rxc3 38. Qxd5 Rc1 39. Rxc1 Rxc1+ 40. Kh2 Qc7 41. Ne5 Rd1 42. Qe6 Kg7 43. d5 Rd4 44. f5 gxf5 45. Qxf5 Qd6 46. Qg5+ Kf8 47. Kg1 Rd1+ 48. Kf2 Rxd5 49. Qf5+ Ke8 50. Qh5+ Qg6 51. Qxg6+ hxg6 52. Nxg6 Rb5 53. h4 Kf7 54. Nf4 Rxb4 55. Kf3 Rb5 56. g4 Rxa5 57. g5 Rc5 58. Kg4 a5 59. g6+ Kg8 60. h5 a4 61. h6 a3 62. Ne6 Re5 63. Nd8 a2 64. Nf7 Re8 0-1